 Dungeon Crawl Stone Soup version 0.23-b1-6-ga921848 (webtiles) character file.

Game seed: 435352722140918234

421 saradell the Ducker (level 6, 59/59 HPs)
             Began as a Troll Warper on Feb 2, 2019.
             Starved to death
             ... on level 3 of the Dungeon.
             The game lasted 00:42:27 (2795 turns).

saradell the Ducker (Troll Warper)                  Turns: 2795, Time: 00:42:28

Health: 59/59      AC:  6    Str: 22    XL:     6   Next: 62%
Magic:  7/7        EV: 11    Int:  9    God:
Gold:   222        SH:  0    Dex:  9    Spells: 8/8 levels left

rFire    . . .     SeeInvis .   q - +2 dagger (venom)
rCold    . . .     Gourm    +   (no shield)
rNeg     . . .     Faith    .   b - +0 robe
rPois    .         Spirit   .   (helmet restricted)
rElec    .         Reflect  .   (no cloak)
rCorr    .         Harm     .   (gloves unavailable)
MR       .....                  (boots unavailable)
Stlth    +.........             o - amulet of regeneration
HPRegen  0.99/turn              (no ring)
MPRegen  0.10/turn              (no ring)

@: fainting
A: large, unfitting armour, claws 3, fast metabolism 3, gourmand, regeneration
1, shaggy fur 1, tough skin 3
a: no special abilities


You were on level 3 of the Dungeon.
You were fainting.

You visited 1 branch of the dungeon, and saw 3 of its levels.

You collected 222 gold pieces.

Inventory:

Hand Weapons
 a - a +0 mace
 c - a +0 hand axe
 j - a +0 whip
 k - a +0 short sword
 l - a +1 hand axe of pain
 q - a +2 dagger of venom (weapon)
 r - a +0 hunting sling
 u - a +0 hunting sling
 w - a +0 whip
Missiles
 e - 5 tomahawks of dispersal (quivered)
 i - 100 stones
 m - 89 arrows
Armour
 b - a +0 robe (worn)
 x - a +0 robe
 y - a +0 pair of gloves
 A - a +0 cloak
Jewellery
 o - an amulet of regeneration (around neck)
Wands
 f - a wand of iceblast (10)
Scrolls
 d - a scroll of blinking
 g - 3 scrolls of identify
 v - a scroll of amnesia {unknown}
 z - a scroll of remove curse {unknown}
Potions
 h - 3 potions of mutation {unknown}
 n - a potion of agility {unknown}
 p - 3 potions of brilliance {unknown}
 s - a potion of cancellation {unknown}
 t - a potion of heal wounds {unknown}


   Skills:
 + Level 2.7 Fighting
 + Level 1.8 Short Blades
 + Level 1.4(2.3) Axes
 + Level 3.1(3.3) Maces & Flails
 + Level 1.3 Throwing
 + Level 3.4 Dodging
 + Level 0.5 Stealth
 + Level 1.6 Spellcasting
   Level 2.1 Translocations


You had 8 spell levels left.
You didn't know any spells.
Your spell library contained the following spells:

 Spells                   Type           Power        Failure   Level  Hunger
 Blink                    Tloc           N/A          22%         2    ###....
 Shroud of Golubria       Chrm/Tloc      #.........   32%         2    ###....
 Gell's Gravitas          Tloc           #.........   38%         3    ####...
 Lesser Beckoning         Tloc           #.........   38%         3    ####...
 Teleport Other           Tloc           #.......     38%         3    ####...
 Passage of Golubria      Tloc           N/A          80%         4    #####..


Dungeon Overview and Level Annotations

Branches:
Dungeon (3/15)

Altars:
Hepliaklqana
Beogh

Annotations:
D:3 Jaiteiro's ghost, amateur HaHu


Innate Abilities, Weirdness & Mutations

You are too large for most types of armour.
You have claws for hands.
Your metabolism is lightning-fast.
You like to eat raw meat.
Your natural rate of healing is unusually fast.
You are covered in fur. (AC +1)
You have extremely tough skin. (AC +3)


Message History

The orc priest looks as sick as possible!
The orc priest is severely wounded.
The orc priest invokes the aid of Beogh against you.
Beogh smites you!
You hit the orc priest.
The orc priest looks as sick as possible!
The orc priest is almost dead.
The orc priest mumbles some strange prayers to Beogh against you.
Pain shoots through your body!
* * * LOW HITPOINT WARNING * * *
You barely miss the orc priest.
The orc priest is almost dead.
You kill the orc priest!
Things that are here:
a +0 club; a +0 scale mail; an orc corpse You are fainting from starvation!
You lose consciousness!
You can move again.
You have starved to death.
You die...

###..##.# #.....# .....##.#
####### ##...##.#
################## ##...##.#
#.................
.#...##.######
#.###############.
.#...##......# #.##...# #.
.#...#######.# #.##.#.# #.
...#.# #.# #.##.#.# #.
.#.#.### #.# #@##.#.# #.
.......# #.###.##)#.# #.
.###.#.# #.....##.#.# ####.
.# #.#.# ##########.#.#
#.... .# #.#.#
#..........#.# #.### .#
#.#.##############.#######.#
.#
#.#.............##.........#
.#
#.............#.############
.# #..#..........#.#


There were no monsters in sight!

Vanquished Creatures
  Sigmund (D:3)
  A bullfrog (D:3)
  An orc priest (D:3)
  Jessica (D:3)
  Ijyb (D:3)
  4 adders
  2 worms
  2 dart slugs
  2 leopard geckos
  10 orcs
  4 giant cockroaches
  6 hobgoblins
  3 jackals (D:3)
  7 kobolds
  A quokka (D:3)
  A ball python (D:2)
  5 bats
  5 frilled lizards
  2 goblins
  7 rats
66 creatures vanquished.

Vanquished Creatures (others)
  4 toadstools (D:3)
4 creatures vanquished.

Grand Total: 70 creatures vanquished

Notes
Turn   | Place    | Note
-------+----------+-------------------------------------------
     0 | D:1      | saradell the Troll Warper began the quest for the Orb.
     0 | D:1      | Reached XP level 1. HP: 19/19 MP: 1/1
   193 | D:1      | Reached XP level 2. HP: 28/28 MP: 3/3
   873 | D:2      | Reached XP level 3. HP: 35/35 MP: 4/4
   897 | D:2      | Found a hazy altar of Hepliaklqana.
   966 | D:2      | Reached skill level 1 in Throwing
  1283 | D:3      | Noticed Ijyb
  1300 | D:3      | Killed Ijyb
  1300 | D:3      | Reached XP level 4. HP: 41/42 MP: 5/5
  1330 | D:3      | Noticed Sigmund
  1345 | D:3      | Killed Sigmund
  1345 | D:3      | Reached skill level 1 in Short Blades
  1345 | D:3      | Reached skill level 1 in Axes
  1345 | D:3      | Reached XP level 5. HP: 28/50 MP: 6/6
  1583 | D:3      | Reached XP level 6. HP: 54/58 MP: 7/7
  1735 | D:3      | Noticed Jessica
  1740 | D:3      | Killed Jessica
  2027 | D:3      | Found a runed translucent gate.
  2028 | D:3      | Found a runed translucent gate.
  2029 | D:3      | Found a runed translucent gate.
  2029 | D:3      | Noticed Jaiteiro's ghost (amateur HaHu)
  2559 | D:3      | Found a roughly hewn altar of Beogh.
  2780 | D:3      | Paralysed by fainting for 7 turns
  2795 | D:3      | Starved to death

Skill      XL: |  1  2  3  4 |
---------------+-------------+-----
Dodging        | 2 3 |  3.4
Maces & Flails | 2 3 |  3.1
Throwing       | 1 |  1.3
Fighting       | 2 |  2.7
Short Blades   | 1 |  1.8
Axes           | 1 |  1.4
Stealth        | |  0.5
Spellcasting   | |  1.6
Translocations | |  2.1

Action                   |  1- 3 |  4- 6 || total
-------------------------+-------+-------++-------
Melee: Mace              |    40 |       ||    40
       Dagger            |    62 |   116 ||   178
       Hand axe          |    15 |       ||    15
  Use: Scroll            |     2 |     1 ||     3
  Eat: Ration            |     3 |     2 ||     5
       Chunk             |       |     3 ||     3
Armor: Robe              |    57 |    33 ||    90
Dodge: Dodged            |    61 |    43 ||   104
